Map: Ascension to Aiur LE

Players

KyCo

  • Race: Terran Terran
  • League: Silver
  • Spawn Location: 5:00

Juxtapose - Winner!

  • Race: Zerg Zerg
  • League: Silver
  • Spawn Location: 11:00

VOD

https://youtu.be/PadlE1FzZiQ

Description

While I didn't play my best Zerg game ever (foolishly lost all those Queens early on), this was still a very fun and interesting match. I felt in control through most of it, and I got to use Vipers for the very first time!

I also increased my APM to over 100 for the first time ever, which I'm quite pleased with.

I do need to pay attention to my economy and idle workers more though as well as perform better Creep spread, and using proper Unit control groups instead of F2 would also have improved my performance. Something to build on.

Time

  • Played on: Aug. 1, 2017, 8:26 p.m.
  • Length: 17:44
Show
View Real Time Build Order
Export as new Build Order

KyCo Terran 

Build Orders: Liberator Opening 

Get SALT Encoding   

  12  0:01  SCV  
  13  0:16  Supply Depot  
  13  0:18  SCV  
  14  0:30  SCV  
  14  0:31  Refinery  
  15  0:43  Barracks  
  15  0:47  SCV  
  16  0:59  SCV  
  17  1:11  SCV  
  18  1:12  Supply Depot  
  18  1:23  SCV  
  19  1:37  Orbital Command  
  19  1:38  Barracks Reactor  
  19  1:59  Command Center  
  19  2:06  SCV  
  20  2:17  Factory  
  20  2:18  SCV  
  20  2:21  Marine  
  22  2:23  Marine  
  23  2:33  SCV  
  24  2:38  Marine  
  24  2:41  Marine  
  24  2:42  Refinery  
  26  2:46  SCV  
  27  2:56  Marine  
  28  2:59  Marine  
  28  3:02  Starport  
  29  3:06  SCV  
  29  3:09  Factory Tech Lab  
  30  3:18  Marine  
  30  3:19  Marine  
  32  3:22  Supply Depot  
  32  3:24  Liberator  
  32  3:29  SCV  
  32  3:32  Orbital Command  
  33  3:39  Marine x2  
  38  3:45  SCV, Supply Depot  
  39  3:53  Siege Tank  
  42  3:58  Marine x2  
  42  4:00  SCV  
  42  4:01  SCV  
  46  4:12  Supply Depot  
  46  4:19  Marine x2  
  48  4:24  Starport Reactor  
  48  4:25  Siege Tank  
  51  4:35  SCV x2  
  53  4:45  Supply Depot  
  53  4:50  Marine x2  
  55  4:55  SCV x2  
  55  4:57  Siege Tank  
  60  5:07  SCV x2  
  62  5:14  Marine x2  
  62  5:15  Medivac  
  62  5:19  SCV x2  
  68  5:31  SCV x2  
  70  5:36  Refinery  
  70  5:38  Refinery, Supply Depot  
  70  5:49  Barracks  
  70  5:51  Barracks  
  70  5:52  SCV x2  
  69  5:57  Engineering Bay  
  69  6:04  Marine x2  
  69  6:06  Medivac x2, Siege Tank  
  78  6:12  SCV x2, Supply Depot  
  80  6:24  SCV x2  
  82  6:26  Marine x2  
  84  6:32  Terran Infantry Weapons Level 1  
  84  6:36  SCV x2  
  84  6:39  Siege Tank  
  89  6:40  Medivac  
  89  6:43  Barracks Tech Lab x2  
  91  6:58  Command Center  
  91  7:01  Armory  
  91  7:12  Barracks  
  91  7:15  Combat Shields  
  91  7:16  Barracks, Stimpack  
  91  7:19  Marine x3  
  94  7:31  Supply Depot  
  94  7:32  Supply Depot  
  94  7:34  Supply Depot  
  94  7:38  Supply Depot  
  94  7:52  Marine x4, Siege Tank  
  101  8:02  Supply Depot  
  101  8:10  Marine  
  91  8:24  Siege Tank  
  94  8:29  Marine x6  
  94  8:34  Medivac x2  
  104  8:47  Marine x6  
  110  8:56  Siege Tank  
  113  9:04  Marine x2, Medivac x2  
  113  9:05  Marine x4  
  113  9:07  SCV x2  
  125  9:22  Marine x3  
  125  9:23  Marine x3  
  131  9:28  Supply Depot  
  131  9:29  Siege Tank  
  131  9:30  SCV x2, Supply Depot  
  136  9:32  Supply Depot  
  136  9:34  Planetary Fortress, Medivac x2  
  140  9:40  Marine x4  
  140  9:41  Marine x2  
  146  10:01  Siege Tank  
  146  10:02  Terran Infantry Weapons Level 2  
  149  10:24  Missile Turret  
  149  10:27  Missile Turret, SCV x3  
  152  10:36  Marine  
  152  10:37  Marine x5  
  152  10:39  Siege Tank  
  152  10:40  Medivac x2  
  165  10:47  Missile Turret  
  165  10:54  Marine x2  
  165  10:55  Marine x4  
  171  11:03  Engineering Bay  
  171  11:10  Medivac  
  173  11:24  Supply Depot  
  173  11:28  Supply Depot  
  173  11:45  Marine x3  
  173  11:46  SCV x2, Siege Tank  
  181  11:47  Supply Depot  
  181  11:50  Marine x3, SCV, Medivac x2  
  181  11:52  Supply Depot  
  189  12:09  Marine x6, SCV x2  
  189  12:14  SCV  
  198  12:18  Terran Infantry Armor Level 1  
  198  12:20  Medivac  
  120  13:34  Marine x4  
  120  13:35  Marine x2  
  120  13:37  Siege Tank  
  120  13:41  Viking x2  
  133  13:52  Marine x6  
  142  14:10  Marine x6, Siege Tank  
  142  14:11  Medivac x2  
  131  14:27  Marine  
  131  14:28  Marine x5  
  98  14:41  Medivac x2  
  98  14:42  Siege Tank  
  98  14:45  Marine x2  
  90  14:46  Marine x4  
  93  15:03  Marine x3  
  96  15:11  Marine x3  
  96  15:14  Siege Tank  
  102  15:21  Marine x3  
  105  15:29  Marine x3  
  108  15:39  Command Center, Marine x3  
  111  15:46  Marine  
  111  15:47  Marine x2  
  114  15:56  Marine  
  114  15:57  Marine x2  
  114  15:58  Medivac x2  
  114  16:02  Thor  
  127  16:04  Marine x2  
  127  16:05  Marine  
  130  16:14  Marine x2  
  130  16:15  Marine  
  133  16:21  Refinery  
  133  16:22  Marine x3  
  121  16:47  Refinery  
  58  17:09  Marine x3  
  58  17:10  Marine x2  
  57  17:26  Marine  
Show
View Real Time Build Order
Export as new Build Order

Juxtapose Zerg - Winner!

Build Orders: Pool First 

Get SALT Encoding   

  12  0:01  Drone  
  13  0:12  Overlord  
  13  0:19  Drone  
  14  0:32  Drone x2  
  16  0:43  Overlord  
  16  0:51  Spawning Pool  
  16  0:55  Drone  
  16  1:01  Extractor, Drone  
  16  1:11  Drone  
  17  1:33  Drone  
  18  1:47  Hatchery  
  18  1:48  Queen  
  18  1:50  Zergling x2  
  18  1:53  Zergling x2  
  21  2:12  Zergling x2  
  21  2:13  Drone x2  
  24  2:23  Extractor  
  24  2:25  Overlord  
  23  2:35  Drone  
  24  2:38  Queen  
  26  2:46  Metabolic Boost  
  26  2:49  Drone  
  27  2:59  Drone x3  
  27  3:03  Drone  
  31  3:10  Drone  
  32  3:25  Spore Crawler  
  31  3:29  Spore Crawler  
  31  3:30  Drone  
  31  3:31  Drone  
  31  3:34  Overlord  
  32  3:45  Roach Warren  
  31  3:50  Drone, Evolution Chamber  
  31  3:59  Drone x3  
  34  4:05  Drone  
  35  4:25  Lair  
  35  4:32  Queen  
  35  4:33  Drone x3  
  35  4:34  Drone x2  
  35  4:37  Extractor  
  41  4:38  Drone  
  42  4:46  Drone x3  
  45  5:01  Roach x2  
  45  5:02  Roach  
  51  5:08  Extractor, Queen  
  51  5:12  Overlord  
  45  5:31  Queen  
  46  5:41  Ravager  
  46  5:43  Roach x2  
  46  5:44  Queen  
  50  5:56  Drone  
  50  5:57  Drone x5  
  52  6:01  Roach x2  
  59  6:10  Overlord  
  59  6:28  Queen, Ravager x2  
  63  6:36  Hydralisk Den  
  63  6:38  Zerg Missile Weapons Level 1  
  62  6:45  Glial Reconstitution  
  62  6:51  Roach x3  
  62  6:52  Overlord x2  
  68  6:58  Burrow  
  68  7:04  Pneumatized Carapace  
  68  7:07  Overseer  
  68  7:11  Overseer  
  68  7:13  Zergling x6  
  71  7:15  Muscular Augments  
  72  7:22  Drone  
  72  7:23  Drone x2  
  74  7:42  Hatchery  
  73  7:53  Hydralisk x3  
  73  7:54  Hydralisk x2  
  73  7:55  Overlord x3  
  73  7:56  Overlord  
  57  8:29  Roach x4  
  57  8:30  Hydralisk x4, Roach  
  57  8:33  Zergling x2  
  76  8:51  Ravager  
  76  8:52  Ravager  
  76  8:54  Ravager  
  79  9:00  Hydralisk x4  
  79  9:02  Hydralisk  
  89  9:04  Zergling x2  
  89  9:05  Zergling x2  
  91  9:21  Queen  
  91  9:22  Drone x3  
  96  9:29  Infestation Pit  
  95  9:43  Drone x5  
  95  9:44  Drone  
  101  9:46  Hydralisk  
  101  9:50  Drone x2  
  105  10:07  Drone x2  
  105  10:08  Drone x2  
  105  10:10  Hive  
  105  10:13  Zerg Ground Armor Level 1  
  108  10:43  Pathogen Glands  
  108  10:49  Drone x5  
  113  10:54  Overlord x4  
  113  10:55  Overlord  
  113  11:15  Hatchery  
  112  11:24  Ultralisk Cavern  
  111  11:28  Viper  
  111  11:29  Viper x3  
  123  12:07  Infestor x4  
  131  12:17  Chitinous Plating  
  131  12:21  Extractor  
  130  12:23  Extractor  
  129  12:30  Zergling x8  
  129  12:31  Zergling x16  
  129  12:32  Zergling x8  
  145  12:42  Drone x2  
  147  12:59  Ultralisk x2  
  136  13:30  Ultralisk x2  
  136  13:33  Zergling x4  
  136  13:34  Zergling x14  
  150  13:35  Zergling x10  
  159  13:50  Overlord x7  
  146  14:23  Zergling x4  
  146  14:24  Zergling x14  
  133  14:25  Ultralisk x3  
  145  14:35  Zergling x4  
  145  14:36  Zergling x4  
  102  15:00  Overseer x2  
  102  15:01  Ultralisk  
  102  15:02  Ultralisk  
  114  15:11  Drone x3  
  117  15:20  Zerg Missile Weapons Level 2  
  117  15:21  Hydralisk x2  
  117  15:22  Hydralisk x2  
  117  15:23  Zergling x2  
  117  15:24  Zergling x10  
  117  15:25  Zergling x2  
  132  15:54  Infestor x2  
  136  15:59  Zergling x14  
  136  16:00  Zergling x14  
  136  16:01  Zergling x4  
  152  16:22  Drone x3  
  155  16:31  Infestor  
  155  16:32  Infestor x2  
  161  16:33  Extractor  
  149  16:52  Zergling x4  
  149  16:53  Ultralisk, Zergling x4  
  124  16:54  Zergling x6  
  110  17:23  Zergling x8  
  110  17:24  Zergling x6  
Tags
 
Add a new tag
Caveats
  • Supply blocks, unpowered buildings, or Contaminate may cause inaccurate times.
  • Supply counts are checked every 10 seconds.